AoeStats
← Bugsibär

Arabia

503621360Analyzed
1v1 RM · 1mo ago on Sep 1, 2026· 43m 17s· 2 players
Game mode
Random Map
Map size
Tiny (2 player)
Population
200
Speed
Normal
Resources
Standard
Victory
Conquest
Starting age
Dark Age
Ending age
Imperial Age
RankedLock teamsTeams togetherTeam positionsShared explorationLock speedFull tech treeHidden civsTurbo modeCheats
Victory
Defeat
🇩🇪 Romans · Germany
1751
+12
🇷🇴 Khitans · Romania
1671
-12
Mihail
6:18 Loom
9:34 Feudal Age
11:23 Double-Bit Axe
13:19 Domestication
21:24 Fletching
24:49 Castle Age
23:23 Scale Barding Armor
23:13 Gold Mining
25:28 Bodkin Arrow
25:17 Light Cavalry
27:10 Chain Barding Armor
27:00 Forging
30:40 Pastoralism
33:15 Husbandry
34:36 Padded Archer Armor
35:44 Bow Saw
38:32 Wheelbarrow
37:43 Town Watch
41:30 Imperial Age
42:24 Imperial Age
40:15 Scale Mail Armor
40:17 Squires
40:22 Stone Mining
41:36 Iron Casting
42:59 Ballistics
44:31 Chemistry
43:02 Heavy Cavalry Archer
Bugsibär
7:07 Loom
9:11 Feudal Age
9:21 Man-at-Arms
12:54 Double-Bit Axe
15:10 Scale Mail Armor
15:01 Fletching
18:06 Padded Archer Armor
22:31 Castle Age
20:52 Horse Collar
22:03 Scale Barding Armor
22:09 Bloodlines
23:29 Bodkin Arrow
23:48 Heavy Plow
24:04 Bow Saw
26:58 Wheelbarrow
27:26 Heavy Plow
28:26 Forging
31:53 Squires
32:52 Hand Cart
32:22 Pikeman
39:13 Imperial Age
37:05 Elite Skirmisher
38:01 Leather Archer Armor
38:12 Ballistics
40:31 Chain Barding Armor
40:41 Ring Archer Armor
41:12 Iron Casting
40:22 Long Swordsman
41:50 Chain Mail Armor
42:08 Legionary
43:23 Conscription
Connection lost

Rejoining the realm…

Still unreachable

The connection could not be restored.

Session expired

The server has moved on; the page needs a fresh start.